 Dungeon Crawl Stone Soup version 0.30-a0-578-gdee14c521f (webtiles) character file.

Game seed: 6109323952363086352

30 wormed the Covered (level 3, 0/32 HPs)
             Began as an Armataur Fighter on Jan 1, 2023.
             Slain by a hobgoblin (1 damage)
             ... led by Robin
             ... on level 1 of the Dungeon.
             The game lasted 00:01:29 (1042 turns).

wormed the Covered (Armataur Fighter)               Turns: 1042, Time: 00:01:30

Health: 0/32       AC:  7    Str: 23    XL:     3   Next: 5%
Magic:  3/3        EV:  7    Int:  8    God:
Gold:   46         SH:  4    Dex:  9    Spells: 2/2 levels left

rFire   . . .      SeeInvis .    a - +0 flail
rCold   . . .      Faith    .    c - +0 buckler
rNeg    . . .      Spirit   .    b - +0 scale mail
rPois   .          Reflect  .    (no helmet)
rElec   .          Harm     .    (no cloak)
rCorr   .          Roll     +    (no gloves)
Will    .....                    (no barding) Stlth
                                 (no amulet)
HPRegen 0.25/turn                (no ring)
MPRegen 0.08/turn                (no ring)

@: mighty
A: large, rugged brown scales 3, deformed body, armoured tail, roll, long
tongue, awkward tongue
a: no special abilities


You were on level 1 of the Dungeon.
You visited 1 branch of the dungeon, and saw 2 of its levels.

You collected 46 gold pieces.

Inventory:

Hand Weapons
 a - a +0 flail (weapon)
Missiles
 e - 5 javelins (quivered)
Armour
 b - a +0 scale mail (worn)
 c - a +0 buckler (worn)
Scrolls
 g - a scroll of noise
 i - a scroll of teleportation {unknown}
 j - a scroll of torment {unknown}
Potions
 f - 3 potions of lignification {unknown}
 h - a potion of mutation {unknown}


   Skills:
 + Level 2.9 Fighting
 * Level 2.4 Maces & Flails
 + Level 4.0 Armour
 + Level 3.6 Shields


You had 2 spell levels left.
You didn't know any spells.
Your spell library contained the following spells:

 Spells                   Type           Power      Damage    Failure   Level
 Inner Flame              Hex/Fire       0%         N/A       98%         3
 Flame Wave               Conj/Fire      0%         2d4       100%        4
 Sticky Flame             Conj/Fire      0%         2d3       100%        4


Dungeon Overview and Level Annotations

Branches:
Dungeon (2/15)

Altars:

Annotations:
D:2 Robin


Innate Abilities, Weirdness & Mutations

You are completely covered in rugged brown scales. (AC +3, +7% HP)
Armour fits poorly on your strangely shaped body.
You have a long armoured tail.
You roll when moving toward enemies. (Rampage)
Your long tongue fully drains potion bottles. (2x potion effects)
Your tongue gives you trouble enunciating. (1.5x scroll delay)


Message History

The goblin hits you but does no damage.
There is a stone staircase leading up here.
The hobgoblin closely misses you. The hobgoblin hits you.
The hobgoblin hits you but does no damage.
The goblin hits you but does no damage.
You climb upwards.
There is a stone staircase leading down here.
You completely miss the hobgoblin. The goblin hits you with a +0 dagger.
The hobgoblin hits you but does no damage. x3
You hit the hobgoblin but do no damage.
Your tail-slap misses the hobgoblin.
The goblin hits you with a +0 dagger. The hobgoblin hits you.
The hobgoblin barely misses you. The hobgoblin hits you.
The goblin hits you with a +0 dagger. The hobgoblin hits you.
* * * LOW HITPOINT WARNING * * *
The hobgoblin barely misses you. You block the hobgoblin's attack.
You slurp down every last drop of the potion of might!
You feel very mighty all of a sudden. The goblin hits you but does no damage.
The hobgoblin hits you but does no damage.
The hobgoblin hits you.
* * * LOW HITPOINT WARNING * * *
The hobgoblin hits you but does no damage.
You closely miss the goblin.
Your tail-slap misses the goblin.
The goblin hits you but does no damage.
The hobgoblin hits you but does no damage.
The hobgoblin hits you.
* * * LOW HITPOINT WARNING * * *
The hobgoblin barely misses you.
You closely miss the goblin. The goblin hits you but does no damage.
The hobgoblin hits you.
* * * LOW HITPOINT WARNING * * *
The hobgoblin hits you but does no damage.
The hobgoblin closely misses you.
You sock the goblin!
You kill the goblin!
The hobgoblin hits you.
* * * LOW HITPOINT WARNING * * *
The hobgoblin hits you but does no damage.
The hobgoblin hits you.
You die...

......#.#.....##.##.........†....
.................##.###.....#.###
..............##.##.#............
..............##.##...#.....#.###
#.#.#.#.#.....##.##.##......#.###
.................................
..............##.#...#......#..##
...............#)....#......#..#
..###.#.#.......@g..........#..##
...............gg................
..............##.##..#......#..##
.######.#.....##...............##
.# #.#.....##.##..#.....##.### .#
#.#..................##.# #
.######.......................###
......###..#..##.#####.[.........
......###..#.###.#####...........


You could see 3 hobgoblins.

Vanquished Creatures
  3 endoplasms (D:1)
  A giant cockroach (D:1)
  3 goblins (D:1)
  3 hobgoblins (D:1)
  4 jackals (D:1)
  2 quokkas (D:1)
  6 ball pythons (D:1)
  A bat (D:1)
  A frilled lizard (D:1)
  2 kobolds (D:1)
  4 rats (D:1)
30 creatures vanquished.

Vanquished Creatures (others)
  A plant (D:1)
1 creature vanquished.

Grand Total: 31 creatures vanquished

Notes
Turn   | Place    | Note
-------+----------+-------------------------------------------
     0 | D:1      | wormed the Armataur Fighter began the quest for the Orb.
     0 | D:1      | Reached XP level 1. HP: 19/19 MP: 1/1
   135 | D:1      | Reached XP level 2. HP: 26/26 MP: 2/2
   759 | D:1      | Reached skill level 4 in Armour
   943 | D:2      | Noticed Robin
   990 | D:1      | Reached XP level 3. HP: 30/32 MP: 3/3
  1042 | D:1      | HP: 1/32 [hobgoblin[Robin] (2)]
  1042 | D:1      | Slain by a hobgoblin

Illustrated notes

Levels and vault maps discovered:
D:1:      minmay_arrival_split_and_join, layout_basic, minmay_shallow_snake_nest
D:2:      layout_rooms, basic_altar, uniq_robin

Skill      XL: |  1  2 |
---------------+-------+-----
Maces & Flails | 2 |  2.4
Armour         | 4 |  4.0
Fighting       | |  2.9
Shields        | |  3.6

Action                   || total
-------------------------++-------
Melee: Flail             ||    94
       Tailslap          ||     7
  Use: Scroll            ||     1
       Potion            ||     1
Armor: Scale mail        ||    68
Dodge: Dodged            ||    34
Block: Buckler           ||    24

Table legend: (Time is in decaauts)
 A = Elapsed time spent in this place.
 B = Non-inter-level travel time spent in this place.
 C = Inter-level travel time spent in this place.
 D = Time resting spent in this place.
 E = Time spent auto-exploring this place.
 F = Levels seen in this place.
 G = Mean time per level.
                   A        B        C        D        E       F      G
               +--------+--------+--------+--------+--------+-----+--------+
         Total |   1073 |    958 |    115 |      0 |    758 |   2 |  536.5 |
       Dungeon |   1073 |    958 |    115 |      0 |    758 |   2 |  536.5 |
               +--------+--------+--------+--------+--------+-----+--------+

Top non-repeatable levels by time:
     D:1: 1066 daAuts
     D:2: 7 daAuts
